[Event "*** Titled Tuesday Blitz"]
[Site "Chess.com"]
[Date "2020.04.07"]
[Round "9"]
[White "adiosabu"]
[Black "SamuelGhimpu2003"]
[Result "0-1"]
[WhiteElo "2498"]
[BlackElo "2672"]
[TimeControl "180+1"]
[EndTime "14:47:41 PDT"]
[Termination "SamuelGhimpu2003 won on time"]

1. e4 e6 2. d4 d5 3. Nc3 Nf6 4. Bg5 dxe4 5. Nxe4 Nbd7 6. Nf3 h6 7. Nxf6+ Nxf6 8. Bf4 Bd6 9. Ne5 Nd5 10. Bg3 O-O 11. Bd3 f5 12. Qe2 f4 13. Qe4 Rf5 14. c4 Nb4 15. Bb1 fxg3 16. hxg3 Bxe5 17. dxe5 Nc6 18. f4 Qd4 19. Qxd4 Nxd4 20. Bxf5 exf5 21. Rd1 c5 22. Kf2 Be6 23. b3 b6 24. Ke3 a5 25. Rd2 Kf7 26. Rb1 Ke7 27. a3 Kd7 28. Rbb2 Kc6 29. a4 g5 30. Rb1 Rg8 31. Rh1 Rg6 32. Rd3 Kc7 33. Kf2 Bd7 34. fxg5 hxg5 35. Rh7 Kd8 36. g4 fxg4 37. Kg3 Re6 38. Rh8+ Kc7 39. Kxg4 Re8+ 40. Kxg5 Rxh8 41. Kf6 Rf8+ 42. Ke7 Rg8 43. Kf7 Rxg2 44. Re3 Rf2+ 45. Ke7 Nf5+ 46. Kf6 Nxe3+ 0-1

[Event "*** Titled Tuesday Blitz"]
[Site "Chess.com"]
[Date "2020.04.07"]
[Round "9"]
[White "karinachess1"]
[Black "Galileo22"]
[Result "0-1"]
[WhiteElo "2497"]
[BlackElo "2350"]
[TimeControl "180+1"]
[EndTime "14:47:42 PDT"]
[Termination "Galileo22 won on time"]

1. Nf3 d5 2. c4 e6 3. g3 Nf6 4.
Bg2 Be7 5. O-O O-O 6. b3 d4 7.
e3 c5 8. exd4 cxd4 9. d3 Nc6 10.
Re1 Nd7 11. Na3 e5 12. Nc2 f6 13. a3 a5 14. Rb1 Nc5 15. b4 Na4 16. Bd2 Qd7 17.
b5 Nd8 18. Nh4 g5 19. Nf3 Bd6 20. Ncxd4 Nc5 21. Nb3 Nxd3 22. Re3 Nc5 23. Be1 a4 24. Nxc5 Bxc5 25. Rd3 Qe7 26. Bb4 Bf5 27. Bxc5 Qxc5 28. Rd5 Qxa3 29. Rc1 Qe7 30. c5 Nf7 31. c6 bxc6 32.
bxc6 Be6 33. Rdc5 a3 34. c7 a2 35. Nd2 Rac8 36. Bb7 Nd6 37. Bxc8 Rxc8 38. Qa4 Kf7 39. Nb3 Ne4 40. Qxe4 Bxb3 41. Qxh7+ Ke8 42. Qg8+ Bxg8 0-1

[Event "*** Titled Tuesday Blitz"]
[Site "Chess.com"]
[Date "2020.04.07"]
[Round "9"]
[White "Kumi29"]
[Black "silverback96"]
[Result "1-0"]
[WhiteElo "2447"]
[BlackElo "2151"]
[TimeControl "180+1"]
[EndTime "14:47:43 PDT"]
[Termination "Kumi29 won by resignation"]

1. d4 Nf6 2. Bg5 d5 3. Bxf6 exf6 4. e3 Bd6 5. Bd3 O-O 6. Nd2 f5 7. Qf3 f4 8. exf4 Nc6 9. Ne2 Qf6 10. c3 Ne7 11. O-O Bf5 12. Bxf5 Qxf5 13. Rac1 c6 14.
Rfe1 Rfe8 15. Nf1 Ng6 16. Ne3 Qe4 17. Qxe4 Rxe4 18. g3 Rae8 19. Kg2 Bc7 20. Ng1 f6 21. Nf3 Kf7 22. Nf5 Rxe1 23. Rxe1 Rxe1 24. Nxe1 Nf8 25. Nd3 Nd7 26. Kf3 Kg6 27. Ne3 Kf7 28. g4 Ke6 29. Nc5+ Nxc5 30. dxc5 g6 31. Nc2 Kf7 32. Nd4 a5 33. b4 Bb8 34. a4 Ba7 35. h3 h6 36.
f5 gxf5 37. Nxf5 b6 38. cxb6 Bxb6 39. Nxh6+ Kg6 40. Nf5 c5 41. Ne7+ Kf7 42. Nxd5 cxb4 43. Nxb6 bxc3 44. Ke3 c2 45. Kd2 c1=Q+ 46. Kxc1 1-0

[Event "*** Titled Tuesday Blitz"]
[Site "Chess.com"]
[Date "2020.04.07"]
[Round "9"]
[White "Federtiu"]
[Black "Bambi2006"]
[Result "0-1"]
[WhiteElo "2664"]
[BlackElo "2521"]
[TimeControl "180+1"]
[EndTime "14:47:44 PDT"]
[Termination "Bambi2006 won by resignation"]

1. d4 Nf6 2. c4 e6 3. Nf3 b6 4. g3 Bb7 5. Bg2 Be7 6. O-O O-O 7.
Nc3 Ne4 8. Qc2 Nxc3 9. Qxc3 c5 10. Bf4 a6 11. Rad1 cxd4 12. Qxd4 Bf6 13. Qd2 d5 14.
Ne5 g5 15. cxd5 gxf4 16. Qxf4 exd5 17. Ng4 Bg7 18. Nh6+ Bxh6 19. Qxh6 Nd7 20. Rd4 Qf6 21. Qd2 Nc5 22. Bxd5 Bxd5 23. Rg4+ Kh8 24. Qxd5 Rad8 25. Qh5 Qxb2 26. Rh4 Qg7 27. Rb1 Rd6 28. Rg4 Qf6 29.
Rh4 Qg7 30. Rg4 Qf6 31. e4 Nd3 32. Rf1 h6 33. h4 Qe6 34. f4 Qxe4 35. f5 Qd5 36.
Kh2 Qc5 37. Kh3 Rf6 38. Rg6 fxg6 39. Qxh6+ Kg8 40. fxg6 Qe7 41. Rd1 Qd7+ 42. Kh2 Qg7 43. Qe3 Qxg6 44. Rxd3 Rf2+ 45. Kg1 Rf1+ 46. Kg2 R8f2+ 47.
Kh3 Qf5+ 48. g4 Rf3+ 0-1

[Event "*** Titled Tuesday Blitz"]
[Site "Chess.com"]
[Date "2020.04.07"]
[Round "9"]
[White "Agent-JL"]
[Black "Schachspielerr"]
[Result "0-1"]
[WhiteElo "2430"]
[BlackElo "2690"]
[TimeControl "180+1"]
[EndTime "14:47:44 PDT"]
[Termination "Schachspielerr won by resignation"]

1. a3 a6 2. g3 h5 3. h4 e5 4. Bg2 d5 5. d3 Be6 6. Nf3 f6 7. Nbd2 Nc6 8. c3 Qd7 9. b4 Nh6 10. Bb2 Ng4 11. Qc2 O-O-O 12. c4 dxc4 13. Nxc4 e4 14. dxe4 Nxb4 15. axb4 Bxb4+ 16. Bc3 Bc5 17. O-O Bxc4 18. Bxf6 gxf6 19. Qxc4 Qc6 20. Qa4 Qxa4 21.
Rxa4 Rhg8 22. Rc4 Bb6 23. Bh3 Kb8 24. Bxg4 Rxg4 25. Kg2 Re8 26. Nd2 c5 27. Kf3 Rc8 28.
Rfc1 Rc6 29. Nb3 Kc7 30. Nxc5 Bxc5 31. Rxc5 Rg8 32. Rxc6+ bxc6 33. Rc5 Kb6 34. Rc2 a5 35. Kf4 a4 36. Kf5 Rf8 37. f4 c5 38. e5 fxe5+ 39.
Kxe5 Kb5 40. f5 c4 41. Ke6 Kb4 42. f6 Kb3 43. Rc1 c3 44. Ke7 Ra8 45. f7 Kb2 46. Rd1 c2 47. Rd8 c1=Q 48. f8=Q Qc5+ 49. Kf7 Qxf8+ 50.
Rxf8 Rxf8+ 51. Kxf8 a3 52. e4 a2 53. e5 a1=Q 54.
e6 Qf1+ 55. Kg7 Qe1 56. Kf7 Qf2+ 57. Kg8 Qxg3+ 58. Kf7 Qxh4 0-1

[Event "*** Titled Tuesday Blitz"]
[Site "Chess.com"]
[Date "2020.04.07"]
[Round "9"]
[White "Keranke"]
[Black "Rud_Makarian"]
[Result "0-1"]
[WhiteElo "2782"]
[BlackElo "2642"]
[TimeControl "180+1"]
[EndTime "14:47:45 PDT"]
[Termination "Rud_Makarian won on time"]

1. c4 Nf6 2. g3 e6 3. Bg2 c5 4. Nf3 d5 5. O-O d4 6. e3 Nc6 7. exd4 cxd4 8. d3 Be7 9. Re1 O-O 10.
Na3 Ne8 11. Nc2 a5 12. b3 f6 13. a3 e5 14. Bb2 Nc7 15. Nd2 Na6 16. f4 Nc5 17. Ne4 Nxb3 18. Rb1 a4 19. Qh5 f5 20.
Ng5 Bxg5 21. Bd5+ Kh8 22. fxg5 Ra5 23. g6 h6 24. Bf7 e4 25. Rbd1 Qf6 26. Ne3 Qg5 27.
Qxg5 hxg5 28. Nd5 e3 29. h4 g4 30. Kg2 Ne5 31. Nxe3 dxe3 32. Rxe3 Nxf7 33. gxf7 Rxf7 34.
Re8+ Kh7 35. Rxc8 f4 36. gxf4 Rxf4 37. Rc7 Nd4 38. Rxb7 Nf5 39. Re1 Rf3 0-1

[Event "*** Titled Tuesday Blitz"]
[Site "Chess.com"]
[Date "2020.04.07"]
[Round "9"]
[White "Witik"]
[Black "hansen"]
[Result "0-1"]
[WhiteElo "2708"]
[BlackElo "3004"]
[TimeControl "180+1"]
[EndTime "14:47:45 PDT"]
[Termination "hansen won on time"]

1. e4 e5 2. Nf3 Nc6 3. Nc3 Nf6 4. Bb5 Bd6 5. d3 a6 6. Ba4 O-O 7. Bg5 Re8 8. Nd5 Be7 9. Nxe7+ Qxe7 10. O-O d6 11. c3 h6 12. Bh4 b5 13. Bc2 Nd8 14. d4 c5 15. d5 Rb8 16. b4 Bg4 17.
h3 Bh5 18. g4 Bg6 19. Re1 Nb7 20. Nd2 a5 21. a3 Rbc8 22. Nf1 Bh7 23. Ne3 g5 24.
Bg3 Nxe4 25. Qf3 Nxg3 26. Bxh7+ Kxh7 27. fxg3 f6 28. Nf5 Qf7 29. h4 Qg6 30. h5 Qf7 31.
Qe4 Kh8 32. Nxh6 Qh7 33. Nf5 cxb4 34. axb4 Rc4 35. Qe2 a4 36. Kh2 Rec8 37. Kh3 Qd7 38. Qd3 Nd8 39. Re4 Rxc3 40. Qd2 Rc2 41. Qe3 Nf7 42. Rf1 Rb2 43. Qb6 Rcc2 44. Rh1 a3 45. Qb8+ Qd8 46. Qb7 Qc7 47. Qc8+ Qxc8 0-1

[Event "*** Titled Tuesday Blitz"]
[Site "Chess.com"]
[Date "2020.04.07"]
[Round "9"]
[White "W_Amadeus"]
[Black "Atanejhad"]
[Result "1-0"]
[WhiteElo "2729"]
[BlackElo "2519"]
[TimeControl "180+1"]
[EndTime "14:47:45 PDT"]
[Termination "W_Amadeus won on time"]

1. e4 e5 2. Nf3 Nc6 3. Bc4 Bc5 4. O-O Nf6 5. d3 d6 6. c3 a6 7. a4 Ba7 8. Re1 O-O 9. h3 Ne7 10. d4 Ng6 11. Nbd2 h6 12. Bd3 Re8 13. Bc2 c6 14.
Nf1 Qc7 15. Ng3 b5 16. Be3 Be6 17. Qd2 Kh7 18. axb5 axb5 19. Nf5 Ng8 20. d5 Bxe3 21. Qxe3 cxd5 22. exd5 Bxd5 23. Rad1 Bxf3 24. Qxf3 Ra2 25. Nxd6 Re7 26. Nxb5 Qb8 27. Nd6 Rxb2 28. Bxg6+ fxg6 29. Ne4 Qe8 30. c4 Rf7 31. Qc3 Ra2 32. Nd6 Qd7 33.
Nxf7 Qxf7 34. Qe3 Nf6 35. c5 e4 36. c6 1-0

[Event "*** Titled Tuesday Blitz"]
[Site "Chess.com"]
[Date "2020.04.07"]
[Round "9"]
[White "annacramling"]
[Black "Mbneu"]
[Result "0-1"]
[WhiteElo "1974"]
[BlackElo "2263"]
[TimeControl "180+1"]
[EndTime "14:47:45 PDT"]
[Termination "Mbneu won on time"]

1. d4 Nf6 2. c4 c5 3. d5 e6 4.
Nc3 exd5 5. cxd5 d6 6. e4 g6 7. f4 Bg7 8. Bb5+ Bd7 9. Be2 O-O 10. a4 Re8 11. Qc2 Na6 12. Nf3 Nb4 13. Qb1 Bg4 14. O-O Nd7 15. Nb5 Nb6 16. h3 Bxf3 17. Bxf3 a6 18. Nc3 Nc4 19. f5 Qh4 20. Bg4 Ne5 21. Be2 c4 22. Rf4 Qe7 23. Bd2 Bf6 24. Rf1 h5 25.
Qd1 Ned3 26. fxg6 fxg6 27. Bxd3 Nxd3 28. Qf3 Bd4+ 29. Kh1 Rf8 30. Qg3 Kh7 31. Rxf8 Rxf8 32. Qg5 Qxg5 33. Bxg5 Bxc3 34. bxc3 Nf2+ 35. Kh2 Nxe4 36.
Bd2 Nxd2 37. Rd1 Nb3 38. Re1 Rf5 39. Re7+ Kh6 40. Rxb7 Rxd5 41. Rb6 a5 42. Ra6 Rd3 43. Rc6 d5 44. Rc5 Rxc3 45. Rb5 Rd3 46. Rb6 c3 47. Rc6 d4 48. Rc4 Rd2 0-1

[Event "*** Titled Tuesday Blitz"]
[Site "Chess.com"]
[Date "2020.04.07"]
[Round "9"]
[White "SCIM"]
[Black "GianmarcoVaR"]
[Result "0-1"]
[WhiteElo "2474"]
[BlackElo "2637"]
[TimeControl "180+1"]
[EndTime "14:47:46 PDT"]
[Termination "GianmarcoVaR won on time"]

1. d4 Nf6 2. c4 e6 3. g3 Bb4+ 4. Bd2 c5 5. Bxb4 cxb4 6. Bg2 O-O 7.
a3 bxa3 8. Rxa3 d6 9. Nf3 Nc6 10. O-O e5 11. Nc3 Bg4 12. d5 Bxf3 13. Bxf3 Nb4 14. Bg2 h6 15. Qd2 a5 16. Rfa1 b6 17. Nb5 Qd7 18. h3 Rac8 19. Rc3 Rc5 20. Na3 Rfc8 21.
Rd1 Qf5 22. Rf3 Qg6 23. Re3 Qg5 24. Rc3 Qxd2 25. Rxd2 Kf8 26. f4 Nd7 27. Kf2 Ke7 28. Bf3 g6 29. e4 Na6 30. Be2 Nc7 31. Rf3 Ne8 32. Bd3 exf4 33. gxf4 g5 34. fxg5 hxg5 35.
Kg2 Ne5 36. Rg3 f6 37. b3 Ng7 38. Nb5 Nh5 39. Be2 Nxg3 40. Kxg3 Rxb5 41. cxb5 Rc3+ 42. Kg2 Rxb3 43. Rc2 Kd7 44. Bh5 a4 45. Rc6 Rxb5 46.
Bg4+ Nxg4 47. hxg4 a3 48. Rc4 a2 49. Rc1 Rb1 50.
Rc7+ Kxc7 0-1

[Event "*** Titled Tuesday Blitz"]
[Site "Chess.com"]
[Date "2020.04.07"]
[Round "9"]
[White "jeaston1"]
[Black "CzechmVIII"]
[Result "1-0"]
[WhiteElo "2424"]
[BlackElo "2236"]
[TimeControl "180+1"]
[EndTime "14:47:46 PDT"]
[Termination "jeaston1 won on time"]

1. d4 Nf6 2. c4 c5 3. d5 e6 4. Nc3 exd5 5. cxd5 d6 6. Nf3 g6 7.
Bf4 a6 8. a4 Bg7 9. e3 Bg4 10. h3 Bxf3 11. Qxf3 O-O 12. Bd3 Qe7 13. O-O Re8 14. Rfe1 Nbd7 15. Qe2 Rac8 16. Bh2 Ne5 17.
a5 c4 18. Bxe5 cxd3 19. Bxf6 dxe2 20. Bxe7 Rxe7 21. Rxe2 Bxc3 22. bxc3 Rxc3 23. Rd2 Rc5 24. Rd4 f5 25. g4 Re5 26. gxf5 gxf5 27. Rb1 Rexd5 28.
Rxd5 Rxd5 29. Rxb7 Rxa5 30. Rb6 d5 31. Rf6 d4 32. exd4 Rd5 33. Rxa6 Rxd4 34. Ra7 Rd6 35. Kg2 Rd3 36. Ra5 f4 37. Rf5 Kg7 38. Rxf4 Kg6 39. Rg4+ Kf6 40. Rg3 Rd5 41. Kf3 Ra5 42. Kg4 Ra4+ 43.
Kh5 Kf7 44. Rg4 Ra6 45. Rb4 Rf6 46. Rb7+ Kg8 47. Rb2 Rf3 48. Kg4 Rf6 49. f4 Kg7 50. Rb7+ Kg8 51. f5 Ra6 52. Kg5 Ra3 53. h4 Ra6 54. h5 Rc6 55. h6 Ra6 56. Rg7+ Kh8 57. Rb7 Kg8 58. Rb8+ Kf7 59. Rh8 1-0

[Event "*** Titled Tuesday Blitz"]
[Site "Chess.com"]
[Date "2020.04.07"]
[Round "9"]
[White "JustaTrickstar"]
[Black "jk13"]
[Result "1-0"]
[WhiteElo "2677"]
[BlackElo "2816"]
[TimeControl "180+1"]
[EndTime "14:47:48 PDT"]
[Termination "JustaTrickstar won by resignation"]

1. c4 e6 2. Nc3 Bb4 3. e4 e5 4. Nf3 Nc6 5. Nd5 Bd6 6. d4 exd4 7. Nxd4 Nge7 8. Be2 Nxd5 9. exd5 Nxd4 10. Qxd4 O-O 11. O-O Re8 12. Be3 Be5 13. Qd2 d6 14. Rae1 b6 15.
h3 a5 16. Bd3 Bd7 17. f4 Bf6 18. Kh2 h6 19. Bb1 g6 20. b3 Kg7 21. Re2 Bf5 22.
Bxf5 gxf5 23. Rfe1 Re4 24. Bf2 Qe7 25. Rxe4 fxe4 26.
Qe3 Re8 27. g4 Kg8 28. Bg3 Bg7 29. Re2 f5 30. gxf5 Qf7 31. a3 Qxf5 32. b4 axb4 33.
axb4 Qf6 34. Be1 Qd4 35. Qg3 Kh7 36. Rg2 Qf6 37. Bf2 Qf7 38. Be3 Rg8 39. Qg4 Bc3 40. Qe6 Rxg2+ 41. Kxg2 Qxe6 42. dxe6 Kg7 43. f5 Bf6 44. b5 Be7 45. Kg3 Kf6 46. Kf4 Bd8 47. Kxe4 h5 48. h4 Kg7 49. Bg5 Bf6 50. Kf4 Be5+ 51.
Ke4 Bf6 52. Bxf6+ Kxf6 53. Kf4 Ke7 54. Kg5 Kf8 55. f6 Kg8 56. Kg6 Kf8 57. e7+ Ke8 58. Kg7 1-0

[Event "*** Titled Tuesday Blitz"]
[Site "Chess.com"]
[Date "2020.04.07"]
[Round "9"]
[White "Kobalia"]
[Black "MikeKorovin"]
[Result "1/2-1/2"]
[WhiteElo "2626"]
[BlackElo "2763"]
[TimeControl "180+1"]
[EndTime "14:47:48 PDT"]
[Termination "Game drawn by repetition"]

1. e4 e6 2. d4 d5 3. Nc3 Bb4 4. e5 Qd7 5. Qg4 Bf8 6. Nf3 b6 7. h4 h5 8. Qh3 Ba6 9. Bxa6 Nxa6 10. Bg5 Nb4 11. Rc1 Nh6 12. Bxh6 Rxh6 13. O-O Be7 14. Ng5 Bxg5 15. hxg5 Rh8 16. a3 Nc6 17. Ne2 g6 18. Rfd1 O-O-O 19. Qf3 Kb8 20. b4 Ne7 21. Nf4 Nf5 22. c4 dxc4 23. Rxc4 Qb5 24. Qc3 Rd7 25. d5 Rhd8 26. Rc1 exd5 27. Rxc7 d4 28. Qc2 d3 29. Nxd3 Nd4 30. Rxd7 Qxd7 31. Qd1 Ne6 32. Nb2 Qxd1+ 33. Rxd1 Rxd1+ 34. Nxd1 Nxg5 35. Nc3 Kb7 36. f4 Ne6 37. g3 Nd4 38. Kf2 Nc2 39. Nb1 Kc6 40. Ke2 Kd5 41. Kd3 Ne1+ 42. Ke2 Nc2 43. Kd3 Ne1+ 44. Ke2 Ng2 45. Kf3 Ne1+ 46. Ke2 1/2-1/2

[Event "*** Titled Tuesday Blitz"]
[Site "Chess.com"]
[Date "2020.04.07"]
[Round "9"]
[White "StoreySniper"]
[Black "Bajecny"]
[Result "1-0"]
[WhiteElo "2533"]
[BlackElo "2294"]
[TimeControl "180+1"]
[EndTime "14:47:48 PDT"]
[Termination "StoreySniper won by resignation"]

1. e4 c5 2. Nf3 e6 3. d3 d5 4. Nbd2 Nc6 5. g3 Bd6 6. Bg2 Nge7 7. O-O O-O 8. Re1 Qc7 9. Qe2 f6 10. c3 b6 11. b3 d4 12. c4 a5 13. a4 Nb4 14.
Nb1 e5 15. Na3 Bg4 16. h3 Bh5 17. Nb5 Qd7 18. g4 Bf7 19. Nh4 g6 20. Bh6 Rfe8 21.
Qd2 Rad8 22. Rf1 Kh8 23. f4 exf4 24. Nxd6 Qxd6 25. Bxf4 Qe6 26. e5 fxe5 27. Bg5 Kg8 28. Rf6 Qd7 29. Raf1 Rf8 30. Bh6 Nc8 31. Bxf8 Rxf8 32.
Nf3 Qe7 33. Ng5 Nd6 34. Bd5 Nxd5 35. cxd5 h6 36. Ne4 Nf5 37. gxf5 Bxd5 38. Rxf8+ Kxf8 39. Qxh6+ Ke8 40. f6 1-0

[Event "*** Titled Tuesday Blitz"]
[Site "Chess.com"]
[Date "2020.04.07"]
[Round "9"]
[White "twitchTriniCupid"]
[Black "kungmongmanh"]
[Result "1/2-1/2"]
[WhiteElo "2400"]
[BlackElo "2526"]
[TimeControl "180+1"]
[EndTime "14:47:48 PDT"]
[Termination "Game drawn by repetition"]

1. d4 Nf6 2. c4 e6 3. Nf3 Bb4+ 4. Bd2 Qe7 5. Qc2 O-O 6. e3 Bxd2+ 7. Nbxd2 d6 8. Bd3 e5 9. dxe5 dxe5 10. O-O h6 11. a3 Re8 12. Bf5 a5 13. Bxc8 Rxc8 14. Qf5 Nc6 15. Ne4 Nxe4 16. Qxe4 Rd8 17. Rad1 a4 18.
Rd5 Re8 19. Rfd1 Rad8 20. Qc2 e4 21. Nd4 Nxd4 22. R1xd4 c6 23. Rxd8 Rxd8 24. Rxd8+ Qxd8 25. Qxa4 Qd2 26. g3 Qxb2 27. Qb4 Qxb4 28. axb4 f5 29.
Kf1 Kf7 30. Ke2 Ke6 31. Kd2 b5 32. Kc3 Ke5 33. Kb3 g5 34. Kc3 f4 35. Kb3 h5 36.
Kc3 f3 37. Kb3 Kf5 38. cxb5 cxb5 39. Kc3 Ke5 40. Kb3 Kd5 41. Kc3 Ke5 42. Kb3 Kd5 43. Kc3 h4 44. g4 h3 45. Kb3 Ke5 46. Kc3 Kd5 47. Kb3 Ke5 48. Kc3 Kd5 1/2-1/2

[Event "*** Titled Tuesday Blitz"]
[Site "Chess.com"]
[Date "2020.04.07"]
[Round "9"]
[White "Ariadna_Atreides"]
[Black "ShadyH9"]
[Result "0-1"]
[WhiteElo "2036"]
[BlackElo "2269"]
[TimeControl "180+1"]
[EndTime "14:47:48 PDT"]
[Termination "ShadyH9 won on time"]

1. d4 Nf6 2. Nf3 g6 3. c4 Bg7 4. Nc3 O-O 5. e4 d6 6. Be2 e5 7. d5 a5 8. Bg5 h6 9. Bh4 Na6 10. Nd2 Bd7 11. O-O Qe8 12. b3 Nh7 13. f3 h5 14. a3 Bh6 15. Bf2 Qe7 16. Rb1 Bf4 17.
g3 Bh6 18. Qc2 Bh3 19. Rfd1 f5 20. Bf1 Bxf1 21. Rxf1 f4 22. Kg2 Qd7 23. Ne2 Rf7 24. gxf4 Bxf4 25. Nxf4 Rxf4 26. Bg3 Rf7 27. h4 Raf8 28. Qd3 g5 29. hxg5 Nxg5 30. Rh1 Rg7 31. Rxh5 Qf7 32. Rbh1 Qg6 33. Rh8+ Kf7 34. Rxf8+ Kxf8 35. Rh8+ Kf7 36. Qe3 Nc5 37. Nf1 Nh7 38. Rc8 Kf6 39. b4 a4 40. bxc5 Ng5 41. cxd6 cxd6 42. Rf8+ Ke7 43. Rb8 Kf6 44. c5 Qh5 0-1

[Event "*** Titled Tuesday Blitz"]
[Site "Chess.com"]
[Date "2020.04.07"]
[Round "9"]
[White "Alonmindlin"]
[Black "1g41-0"]
[Result "1-0"]
[WhiteElo "2667"]
[BlackElo "2516"]
[TimeControl "180+1"]
[EndTime "14:47:49 PDT"]
[Termination "Alonmindlin won by resignation"]

1. d4 Nf6 2. c4 e6 3. Nf3 d5 4.
Nc3 c6 5. Bg5 Be7 6. e3 Nbd7 7.
Bd3 h6 8. Bf4 O-O 9. h3 a6 10.
O-O dxc4 11. Bxc4 b5 12. Bd3 c5 13. Qe2 Bb7 14. Rfd1 Qb6 15. Rac1 Rfd8 16. Ne5 cxd4 17. exd4 Nd5 18. Bxh6 Nxe5 19. dxe5 gxh6 20. Qg4+ Kh8 21. Qh5 Kg7 22. Qg4+ Kf8 23. Ne4 Rac8 24. Qh5 Kg7 25. Qg4+ Kh8 26. Qh5 Kg7 27. Ng3 Bg5 28. Qg4 Kh8 29.
Rxc8 Rxc8 30. h4 Qd8 31. Qe4 Qg8 32. hxg5 hxg5 33. Qf3 Qg7 34. Nh5 Qg8 35. Qh3 Qd8 36. Nf6+ Kg7 37. Qh7+ Kf8 38. Qg8+ Ke7 39. Qxg5 Nxf6 40.
exf6+ Kd6 41. Bxb5+ Bd5 42. Bxa6 Rc5 43. Bb7 Qb6 44. Bxd5 exd5 45. Qf4+ Kd7 46. b4 Rb5 47. a3 Qe6 48. Qd4 Rb6 49. Qxd5+ Qxd5 50. Rxd5+ Ke6 51. Ra5 Kxf6 52. b5 Ke6 53. Ra6 1-0

[Event "*** Titled Tuesday Blitz"]
[Site "Chess.com"]
[Date "2020.04.07"]
[Round "9"]
[White "OparinGrigoriy"]
[Black "rasmussvane"]
[Result "1-0"]
[WhiteElo "2993"]
[BlackElo "2878"]
[TimeControl "180+1"]
[EndTime "14:47:50 PDT"]
[Termination "OparinGrigoriy won on time"]

1. Nf3 d5 2. g3 Nf6 3. Bg2 e6 4. c4 Be7 5. d4 O-O 6. Nc3 dxc4 7. Ne5 c5 8. dxc5 Qxd1+ 9. Nxd1 Bxc5 10. Nxc4 Nc6 11. Be3 Bb4+ 12. Nc3 Nd5 13. Bd2 Nxc3 14. bxc3 Bc5 15. Rb1 Rd8 16. Bf4 f6 17. O-O Kf7 18. Rb2 e5 19. Be3 Bxe3 20. Nxe3 Rd7 21. Rfb1 Nd8 22. Bd5+ Ke7 23. c4 Rb8 24. c5 Rc7 25. Rb5 Bd7 26. Ra5 b6 27. Be4 Be6 28.
cxb6 Rxb6 29. Rxb6 axb6 30. Ra6 g6 31. Rxb6 Ra7 32.
Bd5 f5 33. f3 f4 34. gxf4 exf4 35. Bxe6 Nxe6 36. Nd5+ Kf7 37. Nc3 Kf6 38. Kf2 Ke5 39. a4 Nc5 40. Rb4 g5 41. h4 h6 42. h5 Kf5 43.
Rb5 Rc7 44. Ne4 Ke6 45. Rxc5 Rb7 46. Rc6+ Kf5 47. Rxh6 Rb1 48. Rf6+ Ke5 49. Rg6 1-0

[Event "*** Titled Tuesday Blitz"]
[Site "Chess.com"]
[Date "2020.04.07"]
[Round "9"]
[White "BobSacIt"]
[Black "Filip_Covic"]
[Result "1/2-1/2"]
[WhiteElo "2197"]
[BlackElo "2325"]
[TimeControl "180+1"]
[EndTime "14:47:50 PDT"]
[Termination "Game drawn by repetition"]

1. e4 c5 2. Nc3 Nc6 3. f4 g6 4.
Nf3 Bg7 5. Bb5 Nd4 6. Nxd4 cxd4 7. Ne2 e6 8. O-O a6 9. Bd3 Ne7 10. Qe1 d5 11. e5 Nc6 12. a3 O-O 13. b3 f6 14. exf6 Qxf6 15. Bb2 Bd7 16. Qg3 Rae8 17. Rae1 Rf7 18. h4 Ref8 19. Qg5 Qxg5 20. hxg5 e5 21.
fxe5 Bxe5 22. Rxf7 Rxf7 23. g3 Bg4 24. Nf4 Bxf4 25. gxf4 Rxf4 26. Re8+ Rf8 27. Rxf8+ Kxf8 28. b4 Bf5 29. b5 axb5 30. Bxb5 Bxc2 31. Bxc6 bxc6 32.
Bxd4 Ke7 33. Kf2 Kd6 34. Ke3 c5 35. Bg7 d4+ 36. Ke2 Kd5 37. d3 Ba4 38. Kd2 Bb5 39.
Bf8 Ba4 40. Be7 Bd7 41. Bf8 c4 42. dxc4+ Kxc4 43. Bg7 Ba4 44. Bf8 Kd5 45. Bg7 Ke4 46. Bf6 d3 47. Bd8 Bc2 48. Bf6 Bb3 49. Bd8 Bc2 50. Bf6 Kf5 51. Bd8 Kf4 52. Bf6 Kf5 53. Bd8 Ke6 54. Ke3 Kd5 55. Bf6 Ke6 56. Bd8 Kf5 57.
Kd2 1/2-1/2

[Event "*** Titled Tuesday Blitz"]
[Site "Chess.com"]
[Date "2020.04.07"]
[Round "9"]
[White "Azerichess"]
[Black "AryanTari"]
[Result "0-1"]
[WhiteElo "3001"]
[BlackElo "2911"]
[TimeControl "180+1"]
[EndTime "14:47:51 PDT"]
[Termination "AryanTari won by resignation"]

1. d4 Nf6 2. c4 g6 3. Bg5 Bg7 4. Nc3 d5 5. Bxf6 Bxf6 6. cxd5 c6 7. Rc1 O-O 8. e4 Bg7 9. h4 Qb6 10. e5 Qxb2 11. h5 Bg4 12. Be2 Bxe2 13. Ngxe2 cxd5 14. hxg6 fxg6 15. Qd3 Nc6 16. Rb1 Qa3 17.
Qh3 h6 18. O-O Kh7 19. Rxb7 Rac8 20. Nxd5 Qa6 21. Rb2 Qc4 22. Ne3 Qd3 23. Rd1 Qa3 24. Rbd2 Rcd8 25. Ng4 Qa4 26. Ne3 Qa3 27. Qg4 h5 28.
Qe4 Qa4 29. Nf4 Nxe5 30. Nxh5 Qc6 31. d5 Qd6 32. Nxg7 Kxg7 33. Qd4 Rf6 34. Qxa7 Rdf8 35. Qd4 Rf4 36. Qc3 Qf6 37. d6 Nf3+ 38. gxf3 Qxc3 39.
dxe7 Re8 40. Nd5 Qxf3 0-1

[Event "*** Titled Tuesday Blitz"]
[Site "Chess.com"]
[Date "2020.04.07"]
[Round "9"]
[White "HElissalt"]
[Black "northridgehawk"]
[Result "1-0"]
[WhiteElo "2150"]
[BlackElo "2288"]
[TimeControl "180+1"]
[EndTime "14:47:51 PDT"]
[Termination "HElissalt won on time"]

1. d4 Nf6 2. c4 g6 3. Nc3 d5 4. cxd5 Nxd5 5. Bd2 Nb6 6. Bg5 Bg7 7. e3 c5 8. dxc5 Bxc3+ 9. bxc3 Qxd1+ 10. Rxd1 N6d7 11. Bb5 Nc6 12. Nf3 f6 13. Bh4 Nxc5 14. O-O Bd7 15.
Nd4 O-O-O 16. Bxc6 Bxc6 17. f3 Ba4 18. Rb1 a6 19. e4 Rhf8 20. Bf2 Bd7 21. Nb3 Na4 22. Na5 b5 23. c4 Kb8 24. Rfc1 Rc8 25. cxb5 Rxc1+ 26. Rxc1 axb5 27. Nc6+ Bxc6 28. Rxc6 Kb7 29. Re6 Rf7 30.
Bd4 Kc7 31. Kf2 Kd7 32. Ra6 e5 33. Ra7+ Ke6 34. Rxf7 Kxf7 35. Ba1 Ke6 36. Ke3 Kd6 37. f4 Nb6 38. fxe5+ fxe5 39. Bc3 Nc4+ 40. Kd3 Kc5 41. Be1 b4 42. Bf2+ Kb5 43. Bg3 g5 44. h3 h5 45. Bh2 Kc5 46. Bg1+ Kb5 47. Bh2 1-0

[Event "*** Titled Tuesday Blitz"]
[Site "Chess.com"]
[Date "2020.04.07"]
[Round "9"]
[White "Mezioudamina88"]
[Black "SimonKnightRivendell"]
[Result "1/2-1/2"]
[WhiteElo "2074"]
[BlackElo "1916"]
[TimeControl "180+1"]
[EndTime "14:47:51 PDT"]
[Termination "Game drawn by repetition"]

1. e4 e6 2. d4 d5 3. e5 c5 4. c3 Nc6 5. Be3 Bd7 6. Nf3 Nge7 7. Be2 Nf5 8. O-O Be7 9. Bd3 cxd4 10. cxd4 g6 11. Nc3 a6 12. a3 O-O 13. Bxf5 gxf5 14.
Qd2 Kh8 15. g3 Rg8 16. Ng5 Bxg5 17. h4 Bxe3 18. Qxe3 Qxh4 19. Kg2 Qxd4 20. Qh6 Rg6 21. Qh2 Qxe5 22. Rae1 Qg7 23. Ne2 e5 24. Rd1 Be6 25. Qh4 f4 26. f3 fxg3 27. f4 Rg4 28. Qh3 exf4 29. Qh5 Qxb2 30. Rde1 Qe5 31. Qh6 Qe4+ 32. Kg1 f3 33. Qf6+ Rg7 34. Rxf3 Qg6 35. Qb2 g2 36.
Qxb7 Rb8 37. Qxc6 Bg4 38. Qc7 Bxf3 39. Qxb8+ Rg8 40. Qe5+ f6 41. Qf4 Qh5 42. Qxf6+ Rg7 43. Qf8+ Rg8 44. Qf6+ Rg7 45. Qf8+ Rg8 46. Qf6+ 1/2-1/2

[Event "*** Titled Tuesday Blitz"]
[Site "Chess.com"]
[Date "2020.04.07"]
[Round "9"]
[White "imdvb6307"]
[Black "wild_cat99"]
[Result "0-1"]
[WhiteElo "2387"]
[BlackElo "2527"]
[TimeControl "180+1"]
[EndTime "14:47:52 PDT"]
[Termination "wild_cat99 won on time"]

1. c4 Nf6 2. Nc3 d5 3. cxd5 Nxd5 4. e4 Nxc3 5. dxc3 Qxd1+ 6. Kxd1 g6 7. h4 h5 8. Nh3 Bg7 9. Bf4 c5 10. Be3 b6 11. Nf4 Bb7 12. Bb5+ Nd7 13. f3 a6 14.
Be2 Ne5 15. a4 O-O-O+ 16. Kc2 a5 17. b3 Rd7 18. Nh3 e6 19. Bb5 Bc6 20. Bxc6 Nxc6 21. Bg5 Ne5 22. Rad1 c4 23. Rxd7 cxb3+ 24. Kxb3 Nxd7 25. Be3 Kb7 26. Rd1 Rd8 27. Nf2 Bf6 28. g3 Kc6 29. f4 e5 30. f5 Rg8 31. fxg6 Rxg6 32. Nh1 Be7 33. Rf1 f6 34. Rf3 Bc5 35. Bc1 Rg4 36. Rf5 Rxe4 37. Rxh5 Re1 38. Rf5 Rxh1 39.
Bh6 Rh2 40. h5 Be7 41. Bg7 Nc5+ 42. Kc4 Nxa4 43. h6 b5+ 44. Kd3 Kd6 0-1